 Dungeon Crawl Stone Soup version 0.30-a0-1075-gcd70e7a56d (webtiles) character file.

Game seed: 11144158980676725064

177237 juan097 the Spry (level 16, -43/71 HPs)
             Began as a Felid Venom Mage on Apr 14, 2023.
             Was a High Priest of Vehumet.
             Hit by a large rock thrown by a stone giant (46 damage)
             ... on level 1 of the Vaults.
             The game lasted 05:01:55 (74338 turns).

juan097 the Spry (Felid Venom Mage)                Turns: 74338, Time: 05:01:55

Health: -43/71     AC:  3    Str:  4    XL:     16   Next: 96%
Magic:  10/32      EV: 44    Int: 23    God:    Vehumet [*****.]
Gold:   2318       SH:  0    Dex: 18    Spells: 4/38 levels left
                                        Lives:  0   Deaths: 4

rFire   + . .      SeeInvis +      - Unarmed
rCold   . . .      Faith    .    (shield unavailable)
rNeg    + . .      Spirit   .    (body armour unavailable)
rPois   +          Reflect  .    (helmet unavailable)
rElec   .          Rampage  .    (cloak unavailable)
rCorr   .                        (gloves unavailable)
Will    ++...                    (boots unavailable)
Stlth   ++++++                   R - amulet of the Traitor {Acrobat +Blink rN+ Stlth+}
HPRegen 0.31/turn                q - ring of poison resistance {=R}
MPRegen 0.23/turn                T - ring of fire

@: acrobatic, studying Unarmed Combat, quick
A: very small, claws 1, fangs 3, see invisible, speed 1, shaggy fur 3, stealthy
paws, no weapons or thrown items, no armour, multi-lived, frail 1
}: 2/15 runes: decaying, serpentine
a: Renounce Religion, Evoke Blink


You were on level 1 of the Vaults.
You worshipped Vehumet.
Vehumet was extremely pleased with you.
You visited 7 branches of the dungeon, and saw 32 of its levels.
You visited 1 bazaar.
You also visited: Bailey and Gauntlet.

You collected 3855 gold pieces.
You spent 1537 gold pieces at shops.

Inventory:

Jewellery
 q - a ring of poison resistance (left paw) {=R}
 r - the ring of Finality {rElec Str+6}
   (You found it on level 6 of the Dungeon)

   [ring of strength]

   Str:       It affects your strength (+6).
   rElec:     It insulates you from electricity.
 v - a ring of flight
 G - a ring of resist corrosion
 H - a ring of willpower
 O - a ring of wizardry
 P - the ring of Uklaclol {Str+3 Int+6 Dex+6}
   (You found it on level 5 of the Lair of Beasts)

   [ring of dexterity]

   Str:       It affects your strength (+3).
   Int:       It affects your intelligence (+6).
   Dex:       It affects your dexterity (+6).
 R - the amulet of the Traitor (around neck) {Acrobat +Blink rN+ Stlth+}
   (You took it off a minotaur in a Gauntlet)

   [amulet of the acrobat]

   It increases your evasion while moving and waiting.
   rN:        It protects you from negative energy.
   +Blink:    It lets you blink.
   Stlth:     It makes you more stealthy.
 T - a ring of fire (right paw)
 U - a ring of protection from fire
 V - an amulet of magic regeneration
Wands
 h - a wand of acid (21)
 s - a wand of charming (11)
 x - a wand of flame (30)
 y - a wand of roots (17)
 D - a wand of mindburst (1)
 N - a wand of polymorph (25)
 S - a wand of digging (7)
Scrolls
 e - 3 scrolls of teleportation
 k - 3 scrolls of blinking
 n - 6 scrolls of fog
 p - 2 scrolls of amnesia
 u - 3 scrolls of torment
 z - 4 scrolls of immolation
 A - 4 scrolls of magic mapping
 E - 4 scrolls of poison
 I - 4 scrolls of butterflies
 K - 10 scrolls of identify
 L - 3 scrolls of silence
 Q - 2 scrolls of vulnerability
 W - a scroll of fear
Potions
 a - 2 potions of magic
 b - 9 potions of attraction
 d - 20 potions of curing
 g - 3 potions of ambrosia
 i - 3 potions of resistance
 j - 4 potions of haste
 l - 4 potions of heal wounds
 m - 2 potions of berserk rage
 o - 7 potions of flight
 t - 6 potions of might
 w - 9 potions of brilliance
 B - 4 potions of mutation
 J - a potion of lignification
 M - 2 potions of invisibility
Miscellaneous
 c - a phantom mirror (inert)
 f - a lightning rod (3/4)
 C - a box of beasts
 F - a phial of floods


   Skills:
 - Level 14.0 Fighting
 - Level 16.0 Dodging
 - Level 12.0 Stealth
 - Level 12.0 Unarmed Combat
 + Level 11.6 Spellcasting
 + Level 13.3 Conjurations
 - Level 4.0 Translocations
 - Level 10.0 Transmutations
 + Level 13.3 Fire Magic
 - Level 4.0 Air Magic
 - Level 4.0 Earth Magic
 - Level 10.0 Poison Magic
 - Level 8.0 Evocations


You had 4 spell levels left.
You knew the following spells:

 Your Spells              Type           Power      Damage    Failure   Level
a - Irradiate             Conj/Tmut      30%        3d21      1%          5
b - Passwall              Tmut/Erth      37%        N/A       1%          2
c - Mephitic Cloud        Conj/Pois/Air  53%        N/A       1%          3
d - Olgreb's Toxic Radia  Pois           56%        N/A       1%          4
e - Sticky Flame          Conj/Fire      84%        2d10      1%          4
f - Blink                 Tloc           62%        N/A       1%          2
g - Fireball              Conj/Fire      42%        3d17      1%          5
h - Ignite Poison         Fire/Tmut/Pois 77%        N/A       1%          3
i - Eringya's Noxious Bo  Tmut/Pois      28%        N/A       3%          6

Your spell library contained the following spells:

 Spells                   Type           Power      Damage    Failure   Level
 Maxwell's Capacitive Co  Air            15%        ∞         100%        8
 Foxfire                  Conj/Fire      100%       2x1d9     0%          1
 Magic Dart               Conj           100%       1d8       0%          1
 Beastly Appendage        Tmut           100%       N/A       1%          1
 Kiss of Death            Conj/Necr      100%       2d13      1%          1
 Shock                    Conj/Air       100%       1d9       1%          1
 Sting                    Tmut/Pois      100%       1d8       1%          1
 Lesser Beckoning         Tloc           62%        N/A       1%          2
 Momentum Strike          Conj/Tloc      100%       3d10      1%          2
 Poisonous Vapours        Pois/Air       90%        N/A       1%          2
 Searing Ray              Conj           100%       2d8       1%          2
 Wereblood                Tmut           56%        N/A       1%          2
 Inner Flame              Hex/Fire       60%        N/A       1%          3
 Spider Form              Tmut/Pois      56%        N/A       1%          3
 Fulminant Prism          Conj/Hex       22%        3d12      1%          4
 Gell's Gravitas          Tloc           31%        N/A       2%          3
 Swiftness                Air            31%        N/A       2%          3
 Teleport Other           Tloc           31%        N/A       2%          3
 Airstrike                Air            15%        2d(3-19)  2%          4
 Petrify                  Tmut/Erth      45%        N/A       2%          4
 Necrotise                Necr           52%        1d6       4%          1
 Slow                     Hex            52%        N/A       4%          1
 Summon Small Mammal      Summ           52%        N/A       4%          1
 Frozen Ramparts          Ice            26%        1d4       4%          3
 Ice Form                 Ice/Tmut       36%        N/A       6%          4
 Ensorcelled Hibernation  Hex/Ice        26%        N/A       8%          2
 Manifold Assault         Tloc           31%        N/A       10%         4
 Passage of Golubria      Tloc           31%        N/A       10%         4
 Call Canine Familiar     Summ           13%        N/A       14%         3
 Confusing Touch          Hex            13%        N/A       14%         3
 Summon Guardian Golem    Hex/Summ       13%        N/A       14%         3
 Tukima's Dance           Hex            13%        N/A       14%         3
 Vampiric Draining        Necr           13%        2d6       14%         3
 Leda's Liquefaction      Hex/Erth       11%        N/A       22%         4
 Anguish                  Hex/Necr       6%         N/A       43%         4
 Animate Dead             Necr           13%        N/A       43%         4
 Dispel Undead            Necr           13%        3d9       43%         4
 Summon Ice Beast         Ice/Summ       13%        N/A       43%         4
 Iskenderun's Battlesphe  Conj           66%        2d12      1%          5
 Yara's Violent Unravell  Hex/Tmut       18%        3d9       4%          5
 Orb of Destruction       Conj           33%        9d10      4%          7
 Conjure Ball Lightning   Conj/Air       26%        3x3d7     5%          6
 Lee's Rapid Deconstruct  Erth           15%        3d10*     7%          5
 Statue Form              Tmut/Erth      30%        N/A       38%         6
 Silence                  Hex/Air        11%        N/A       52%         5
 Agony                    Necr           13%        N/A       80%         5
 Metabolic Englaciation   Hex/Ice        6%         N/A       80%         5
 Summon Mana Viper        Hex/Summ       13%        N/A       80%         5
 Lehudib's Crystal Spear  Conj/Erth      26%        10d7      88%         8
 Storm Form               Tmut/Air       22%        N/A       93%         7
 Simulacrum               Ice/Necr       6%         N/A       100%        6
 Enfeeble                 Hex            6%         N/A       100%        7
 Haunt                    Necr/Summ      6%         N/A       100%        7
 Monstrous Menagerie      Summ           6%         N/A       100%        7
 Ozocubu's Refrigeration  Ice            6%         4d8       100%        7
 Infestation              Necr           6%         N/A       100%        8
 Polar Vortex             Ice            6%         N/A       100%        9


Dungeon Overview and Level Annotations

Branches:
Dungeon (15/15)            Temple (1/1) D:7            Lair (5/5) D:10
  Swamp (4/4) Lair:2        Snake (4/4) Lair:2        Slime (0/5) Lair:4
    Orc (2/2) D:10            Elf (0/3) Orc:2        Vaults (1/5) D:14
 Depths (0/4) D:15         Bailey (visited)         Gauntlet (visited)

Altars:
Ashenzari
Cheibriados
Dithmenos
Elyvilon
Fedhas
Gozag
Hepliaklqana
Kikubaaqudgha
Makhleb
Nemelex Xobeh
Okawaru
Qazlal
Ru
Sif Muna
Trog
Uskayaw
Vehumet
Wu Jian
Xom
Yredelemnul
Zin
The Shining One
Jiyva

Shops:
D:2 ?   D:11 *   D:13 ?   Orc:1 *   Orc:2 (:==

Annotations:
D:5 2 transporters, NinjaNoafa's ghost, novice MfGl; nononono's ghost, weakling HuBe
D:9 3 transporters, 3 runed translucent doors, exclusions: ice statue and troll, cforsyth's ghost, journeyman OpSu


Innate Abilities, Weirdness & Mutations

You have sharp claws.
You have razor-sharp teeth.
You have supernaturally acute eyesight. (SInv)
You cover ground quickly. (Speed+)
Your thick and shaggy fur keeps you warm. (AC +3, rC+)
Your paws help you pounce on unaware monsters.
You are incapable of wielding weapons or throwing items.
You cannot wear armour.
You gain extra lives every three experience levels.
You are frail. (-10% HP)


Message History

The vault warden is severely wounded.
A yaktaur comes into view.
The vault warden is engulfed in noxious fumes.
The vault warden completely misses you.
Your vault warden is engulfed in noxious fumes.
Your vault warden hits the vault warden with a +0 long sword!!
You barely miss the vault warden.
The vault warden is almost dead.
The vault warden is engulfed in noxious fumes.
The stone giant is engulfed in noxious fumes.
The stone giant throws a large rock.
The large rock barely misses your vault warden.
The large rock hits you!!!
Ouch! That really hurt!
* * * LOW HITPOINT WARNING * * *
The yaktaur is engulfed in noxious fumes.
The yaktaur appears confused.
Your vault warden is engulfed in noxious fumes.
Your vault warden seems less confused.
Your vault warden hits the vault warden with a +0 long sword.
Aiming: Thunderbolt
Press: ? - help, Shift-Dir - straight line, f/p - vault warden
Aim: a vault warden, wielding a +0 long sword and wearing a +0 chain mail (almost dead, confused, ally target)
The thunderbolt hits the vault warden!
You kill the vault warden!
Vehumet accepts your kill.
You feel your power returning.
The runic seal fades away.
The yaktaur is engulfed in noxious fumes.
The yaktaur appears confused.
The yaktaur completely misses the stone giant.
Your vault warden hits the yaktaur with a +0 long sword!
You open the door.
The yaktaur is engulfed in noxious fumes.
The yaktaur appears confused.
Your vault warden hits the stone giant with a +0 long sword!
Your vault warden shimmers and vanishes!
There is an open door here.
The stone giant throws a large rock.
The large rock hits you!!!
Ouch! That really hurt!
You die...

#)#.#.#.# #...........#
#.#.#.#.# #...........#
#†#.....# #...........#
#.#.###.# #.........(.#
#[#)# #.# #...........#
#)### ### #...........#
#'##############+#######
#)..#.......#.......#
#...#.......#...@...#
#...#...#...#...#...#
#.......#.......#...#
'[......#.......#.C.#
###########'#######u###
# #..# #...# # #..#
#...# # #..# #)c.# #
#####..##### ####...


You could see a stone giant, a cyan ugly thing and a yaktaur (confused).

Vanquished Creatures
  Vashnia (Snake:3)
  Bai Suzhen (Swamp:4)
  A tentacled monstrosity (Swamp:4)
  A tengu reaver (Vaults:1)
  A sphinx (D:14)
  A thorn hunter (Swamp:4)
  Agnes (Snake:4)
  Donald (Snake:1)
  4 fenstrider witches (Swamp:4)
  A vault warden (Vaults:1)
  12 nagarajas (Snake:4)
  Aizul (Lair:2)
  5 ghouls
  An orc warlord (Orc:2)
  A reaper (Swamp:4)
  3 ironbound preservers (Vaults:1)
  3 ironbound thunderhulks (Vaults:1)
  4 eleionomae
  Azrael (Snake:3)
  A minotaur (Gauntlet)
  2 bunyips (Swamp:4)
  2 ettins
  Snorg (D:14)
  A blizzard demon (Swamp:4)
  A shambling mangrove (Swamp:1)
  A yaktaur captain (Vaults:1)
  An entropy weaver (Vaults:1)
  4 salamander tyrants
  3 ogre magi (Swamp:4)
  12 hydras
  12 anacondas
  A spriggan air mage (Swamp:4)
  An ironbound frostheart (Vaults:1)
  7 alligators
  4 catoblepae
  3 centaur warriors
  4 ghost crabs
  5 two-headed ogres
  6 boulder beetles
  13 death yaks
  4 tengu warriors
  Erica (D:9)
  22 naga warriors
  3 spriggan berserkers (Swamp:4)
  A deep troll earth mage (D:14)
  Sonja (Lair:2)
  19 naga sharpshooters
  7 shock serpents
  6 spriggans
  An orc high priest (Orc:2)
  2 soul eaters
  Nergalle (Orc:1)
  A sixfirhy (Swamp:4)
  3 salamander mystics
  A skyshark (Lair:3)
  Amaemon (Lair:2)
  5 goliath frogs
  12 deep trolls
  4 skeletal warriors (D:13)
  A death drake (Swamp:4)
  A skyshark (shapeshifter) (D:14)
  2 glowing orange brains (Gauntlet)
  9 bog bodies
  6 spriggan druids
  4 swamp dragons
  12 naga ritualists
  3 wizards
  11 orc knights
  A deep elf zephyrmancer (Swamp:4)
  3 deep elf pyromancers
  2 ironbound convokers (Vaults:1)
  A harpy (Vaults:1)
  14 ugly things
  14 mana vipers
  A necromancer (D:15)
  3 orc sorcerers
  6 manticores
  7 cyclopes
  16 salamanders
  3 will-o-the-wisps (Swamp:3)
  A spectral centaur (D:11)
  2 centaur zombies (D:11)
  15 elephants
  52 black mambas
  13 naga magi
  A black mamba (shapeshifter) (D:14)
  2 centaur skeletons (D:11)
  An orange demon (Lair:2)
  6 guardian serpents
  A gargoyle (D:13)
  3 vault sentinels (Vaults:1)
  Maurice (D:13)
  An unseen horror (D:11)
  An unseen horror (shapeshifter) (D:13)
  16 cane toads
  7 komodo dragons
  A kobold demonologist (D:7)
  5 rime drakes
  4 tengu conjurers
  3 yaktaurs (Vaults:1)
  A freezing wraith (D:14)
  A meliai (D:14)
  2 hornets (shapeshifter) (D:15)
  2 bloated husks
  A polar bear (Lair:5)
  8 saltlings
  9 trolls
  7 tyrant leeches
  3 hellwings
  6 hornets
  2 raiju (shapeshifter) (D:14)
  27 blink frogs
  2 water elementals (D:14)
  5 slime creatures (Vaults:1)
  A vampire (D:11)
  2 shadows
  6 wyverns
  54 yaks
  6 fire elementals
  A neqoxec (Swamp:4)
  8 basilisks
  2 steam dragons (D:7)
  4 vampire mosquitoes
  3 chaos spawn (Swamp:4)
  3 redbacks (Vaults:1)
  4 wargs
  11 swamp worms
  25 nagas
  4 hell hounds
  A swamp drake (Swamp:2)
  8 water moccasins
  4 acid dragons
  34 orc warriors
  A sky beast (D:7)
  4 black bears
  3 ice beasts
  4 ogres
  5 boggarts (Vaults:1)
  13 wolves
  6 centaurs
  A kobold brigand (D:8)
  A scorpion (D:6)
  10 bullfrogs
  A gnoll sergeant (D:7)
  14 wights
  22 killer bees
  8 howler monkeys
  4 electric eels
  4 hounds
  18 orc priests
  3 jellies
  A sleepcap (D:5)
  2 gnoll boudas
  2 iguanas
  27 orc wizards
  3 hell rats (D:14)
  10 adders
  14 gnolls
  2 shadow imps
  A white imp (D:7)
  An ufetubus (D:5)
  2 worms (D:2)
  3 dart slugs
  85 orcs
  3 endoplasms
  3 giant cockroaches
  12 goblins
  10 hobgoblins
  5 jackals
  25 kobolds
  14 ball pythons
  7 bats
  3 frilled lizards
  5 rats
  A butterfly (Lair:5)
1100 creatures vanquished.

Vanquished Creatures (collateral kills)
  An anaconda (Snake:1)
  2 black mambas (Snake:1)
  A gargoyle (D:11)
4 creatures vanquished.

Vanquished Creatures (others)
  A spriggan (Swamp:1)
  5 black mambas
  A bloated husk (Swamp:1)
  A hornet (Swamp:1)
  18 foxfires
  24 fungi
  9 pillars of salt (Orc:2)
  54 plants
113 creatures vanquished.

Grand Total: 1217 creatures vanquished

Notes
Turn   | Place    | Note
-------+----------+-------------------------------------------
     0 | D:1      | juan097 the Felid Venom Mage began the quest for the Orb.
     0 | D:1      | Reached XP level 1. HP: 7/7 MP: 4/4
   297 | D:1      | Reached XP level 2. HP: 11/11 MP: 1/6
   378 | D:1      | Learned a level 2 spell: Poisonous Vapours
  1198 | D:2      | Found a faded altar of an unknown god.
  1506 | D:2      | Reached XP level 3. HP: 14/14 MP: 2/7
  1578 | D:2      | Reached skill level 1 in Air Magic
  1878 | D:2      | Found Acvoy's Magic Scroll Shoppe.
  1899 | D:2      | Bought a scroll of noise for 10 gold pieces
  1899 | D:2      | Bought a scroll of teleportation for 30 gold pieces
  2341 | D:2      | Reached XP level 4. HP: 13/18 MP: 1/8
  4088 | D:3      | Noticed a phantom
  4396 | D:3      | Reached XP level 5. HP: 7/21 MP: 0/9
  4738 | D:3      | Learned a level 3 spell: Mephitic Cloud
  5061 | D:4      | Noticed a phantom
  5075 | D:4      | Reached skill level 3 in Dodging
  5744 | D:4      | Reached skill level 1 in Fighting
  5981 | D:4      | Gained mutation: You are covered in thick fur. (AC +2)
                  | [Felid growth]
  5981 | D:4      | Reached XP level 6. HP: 25/25 MP: 0/10
  6244 | D:4      | Reached skill level 1 in Conjurations
  6677 | D:5      | Entered Level 5 of the Dungeon
  6718 | D:5      | Noticed nononono's ghost (weakling HuBe)
  6718 | D:5      | Noticed a hornet
  6856 | D:5      | Reached skill level 4 in Dodging
  6930 | D:5      | Noticed an ice beast
  7003 | D:5      | Found a transporter.
  7007 | D:5      | Found a transporter.
  7102 | D:5      | Found a bloodstained altar of Trog.
  7401 | D:5      | Reached XP level 7. HP: 17/30 MP: 2/12
  8311 | D:6      | Identified the ring of Finality {rElec Str+6}
  8980 | D:6      | Reached skill level 5 in Poison Magic
  8985 | D:6      | Learned a level 4 spell: Olgreb's Toxic Radiance
 10057 | D:6      | Reached skill level 1 in Evocations
 10057 | D:6      | Reached XP level 8. HP: 34/34 MP: 5/13
 10332 | D:7      | Found a runed translucent gate.
 10332 | D:7      | Found a runed translucent gate.
 10332 | D:7      | Found a runed translucent gate.
 10332 | D:7      | Noticed NinjaNoafa's ghost (novice MfGl)
 10500 | D:7      | Found a staircase to the Ecumenical Temple.
 10555 | D:7      | Noticed a kobold demonologist
 10579 | D:7      | Killed a kobold demonologist
 10580 | D:7      | Reached skill level 5 in Dodging
 10672 | Temple   | Entered the Ecumenical Temple
 11008 | D:7      | Found an opulent altar of Gozag.
 11009 | D:7      | Found a radiant altar of Vehumet.
 11236 | D:7      | Became a worshipper of Vehumet
 11399 | D:7      | Found a snail-covered altar of Cheibriados.
 11517 | D:7      | Reached skill level 5 in Stealth
 12145 | D:6      | Reached XP level 9. HP: 39/39 MP: 0/16
 12730 | D:7      | Reached skill level 6 in Dodging
 13520 | D:8      | Reached * piety under Vehumet
 13520 | D:8      | Offered knowledge of Kiss of Death by Vehumet.
 13929 | D:2      | Bought a scroll of immolation for 40 gold pieces
 13929 | D:2      | Bought a scroll of magic mapping for 75 gold pieces
 14143 | D:8      | Identified the +0 robe of Elatopn {Will+}
 14160 | D:8      | Reached skill level 5 in Spellcasting
 17062 | D:8      | Got the Encyclopedia of the Dragon and Glamour
 17194 | D:8      | Learned a level 4 spell: Sticky Flame
 17568 | D:9      | Found a flagged portal.
 17617 | Bailey   | Entered a bailey
 17927 | Bailey   | Noticed an orc knight
 18225 | Bailey   | Reached skill level 1 in Fire Magic
 18225 | Bailey   | Reached XP level 10. HP: 34/43 MP: 6/18
 18593 | Bailey   | Killed an orc knight
 18951 | D:8      | Learned a level 2 spell: Blink
 19201 | D:9      | Reached skill level 7 in Dodging
 19230 | D:9      | Reached ** piety under Vehumet
 19237 | D:9      | Offered knowledge of Foxfire by Vehumet.
 19330 | D:9      | Found a transporter.
 19334 | D:9      | Learned a level 1 spell: Foxfire
 19363 | D:9      | Found a transporter.
 19406 | D:9      | Reached skill level 5 in Fighting
 19433 | D:9      | Found a transporter.
 19438 | D:9      | Found a runed translucent gate.
 19439 | D:9      | Found a runed translucent gate.
 19439 | D:9      | Found a runed translucent gate.
 19440 | D:9      | Noticed a ten-headed hydra
 19441 | D:9      | Noticed cforsyth's ghost (journeyman OpSu)
 19769 | D:9      | Noticed Erica
 19784 | D:9      | Killed Erica
 20071 | D:9      | Noticed an ice statue
 20208 | D:9      | Found a hazy altar of Hepliaklqana.
 20212 | D:9      | Found a shadowy altar of Dithmenos.
 20392 | D:10     | Entered Level 10 of the Dungeon
 20512 | D:10     | Reached skill level 5 in Evocations
 20679 | D:10     | Noticed an elephant
 20960 | D:10     | Found a staircase to the Orcish Mines.
 20994 | D:10     | Killed an elephant
 20995 | D:10     | Reached skill level 1 in Unarmed Combat
 20995 | D:10     | Reached skill level 1 in Translocations
 21075 | D:10     | Found a glowing golden altar of the Shining One.
 21075 | D:10     | Found a white marble altar of Elyvilon.
 21077 | D:10     | Found a glowing silver altar of Zin.
 21122 | D:10     | Reached skill level 8 in Dodging
 21347 | D:10     | Found a staircase to the Lair.
 21601 | D:10     | Found a sparkling altar of Nemelex Xobeh.
 21798 | D:10     | Offered knowledge of Ignite Poison by Vehumet.
 21806 | D:10     | Reached XP level 11. HP: 48/48 MP: 4/19
 22953 | D:11     | Found Estaek's General Store.
 22958 | D:11     | Learned a level 3 spell: Ignite Poison
 23003 | D:10     | Reached skill level 5 in Fire Magic
 23176 | D:11     | Reached skill level 5 in Conjurations
 23435 | D:11     | Found a blossoming altar of Fedhas.
 23441 | D:11     | Noticed a catoblepas
 24025 | D:11     | Killed a catoblepas
 24776 | Lair:1   | Entered Level 1 of the Lair of Beasts
 24776 | Lair:1   | Found an opulent altar of Gozag.
 24779 | Lair:1   | Noticed a death yak
 24786 | D:10     | Reached *** piety under Vehumet
 24874 | Lair:1   | Noticed a death yak
 24876 | Lair:1   | Noticed a death yak
 24878 | Lair:1   | Slain by a komodo dragon
 24879 | Lair:1   | Reached XP level 10. HP: 0/45 MP: 10/20
 24879 | Lair:1   | Noticed a cane toad
 24973 | Orc:1    | Entered Level 1 of the Orcish Mines
 25288 | Orc:1    | Offered knowledge of Fulminant Prism by Vehumet.
 25352 | Orc:1    | Noticed Nergalle
 25518 | Orc:1    | Killed Nergalle
 25519 | Orc:1    | Reached skill level 9 in Dodging
 25519 | Orc:1    | Reached XP level 11. HP: 49/49 MP: 5/21
 25985 | Orc:1    | Found Qonunum's General Store.
 26148 | Orc:2    | Entered Level 2 of the Orcish Mines
 26149 | Orc:2    | Noticed an orc sorcerer
 26149 | Orc:2    | Noticed an orc knight
 26151 | Orc:2    | Reached **** piety under Vehumet
 26152 | Orc:2    | Offered knowledge of Inner Flame by Vehumet.
 26152 | Orc:2    | Noticed an orc knight
 26155 | Orc:2    | Killed an orc knight
 26156 | Orc:2    | Killed an orc sorcerer
 26162 | Orc:2    | Killed an orc knight
 26163 | Orc:2    | Reached skill level 10 in Dodging
 26304 | Orc:2    | Reached ***** piety under Vehumet
 26319 | Orc:2    | Offered knowledge of Ozocubu's Refrigeration by Vehumet.
 26319 | Orc:2    | Noticed an orc knight
 26465 | Orc:2    | Reached skill level 11 in Dodging
 26847 | Orc:2    | Killed an orc knight
 26848 | Orc:2    | Reached skill level 12 in Dodging
 27397 | Orc:2    | Found a staircase to the Elven Halls.
 27509 | Orc:2    | Noticed an orc knight
 27532 | Orc:2    | Killed an orc knight
 27572 | Orc:2    | Noticed an orc knight
 27752 | Orc:2    | Killed an orc knight
 27850 | Orc:2    | Noticed a two-headed ogre
 27878 | Orc:2    | Killed a two-headed ogre
 27879 | Orc:2    | Gained mutation: Your thick and shaggy fur keeps you warm.
                  | (AC +3, rC+) [Felid growth]
 27879 | Orc:2    | Reached XP level 12. HP: 56/56 MP: 17/22
 28077 | Orc:2    | Noticed an orc high priest
 28079 | Orc:2    | Noticed a two-headed ogre
 28080 | Orc:2    | Found Xesocyof's Jewellery Shop.
 28085 | Orc:2    | Reached skill level 13 in Dodging
 28085 | Orc:2    | Killed an orc high priest
 28091 | Orc:2    | Killed a two-headed ogre
 28180 | Orc:2    | Noticed an orc warlord
 28542 | Orc:2    | Killed an orc warlord
 28543 | Orc:2    | Reached skill level 10 in Fighting
 28543 | Orc:2    | Reached skill level 14 in Dodging
 28901 | Orc:2    | Found Comiedd's Weapon Boutique.
 28903 | Orc:2    | Found Utren's Book Boutique.
 28929 | Orc:2    | Found Qoniyrch's Jewellery Shoppe.
 28979 | Orc:2    | Bought a +6 ring of intelligence for 504 gold pieces
 29018 | Orc:2    | Bought a ring of resist corrosion for 240 gold pieces
 29018 | Orc:2    | Bought a ring of willpower for 300 gold pieces
 29055 | Orc:2    | Noticed an ettin
 29066 | Orc:2    | Killed an ettin
 29639 | D:12     | Noticed a two-headed ogre
 29658 | D:12     | Killed a two-headed ogre
 30115 | D:12     | Offered knowledge of Arcjolt by Vehumet.
 30144 | D:12     | Noticed a boulder beetle
 30151 | D:12     | Killed a boulder beetle
 30968 | D:10     | Killed a death yak
 31048 | D:10     | Killed a death yak
 31049 | D:10     | Reached XP level 13. HP: 34/61 MP: 21/25
 31339 | Lair:2   | Noticed Sonja
 31348 | Lair:2   | Killed Sonja
 31835 | Lair:2   | Learned a level 5 spell: Fireball
 31905 | Lair:2   | Noticed Amaemon
 31917 | Lair:2   | Killed Amaemon
 32323 | Lair:2   | Found a staircase to the Snake Pit.
 32720 | Lair:2   | Found a staircase to the Swamp.
 34714 | Lair:4   | Reached XP level 14. HP: 66/66 MP: 14/28
 34909 | Lair:4   | Found a staircase to the Slime Pits.
 34910 | Lair:4   | Found a viscous altar of Jiyva.
 35226 | Lair:4   | Offered knowledge of Eringya's Noxious Bog by Vehumet.
 35234 | Lair:4   | Learned a level 6 spell: Eringya's Noxious Bog
 35659 | Lair:5   | Entered Level 5 of the Lair of Beasts
 36255 | Lair:5   | Reached skill level 5 in Transmutations
 36646 | Lair:5   | Identified the +9 morningstar "Aloras" {protect, Dex+5
                  | Stlth+}
 38807 | Lair:5   | Identified the ring of Uklaclol {Str+3 Int+6 Dex+6}
 39046 | D:12     | Learned a level 2 spell: Passwall
 39511 | D:13     | Reached skill level 1 in Earth Magic
 39604 | D:13     | Found an opulent altar of Gozag.
 39689 | D:13     | Noticed Maurice
 39693 | D:13     | Killed Maurice
 39767 | D:13     | Reached XP level 15. HP: 48/70 MP: 6/29
 40161 | D:13     | Found Hipsauk's Magic Scroll Emporium.
 42257 | D:14     | Found a gate to the Vaults.
 42658 | D:14     | Noticed a sphinx
 42668 | D:14     | Killed a sphinx
 42881 | D:14     | Noticed Snorg
 42889 | D:14     | Killed Snorg
 42893 | D:14     | Reached skill level 15 in Dodging
 43052 | D:14     | Slain by a basilisk
 43053 | D:14     | Reached XP level 14. HP: -2/66 MP: 7/28
 43195 | D:14     | Identified the +1 quarterstaff "Zilihuexue" {flame, Fly}
 43411 | D:15     | Entered Level 15 of the Dungeon
 43443 | D:15     | Reached ****** piety under Vehumet
 43654 | D:15     | Found a gate leading to a gauntlet.
 43667 | Gauntlet | Entered a Gauntlet
 43667 | Gauntlet | Found a transporter.
 43677 | Gauntlet | Found a transporter.
 43690 | Gauntlet | Found a transporter.
 43691 | Gauntlet | Found a transporter.
 43700 | Gauntlet | Found a transporter.
 43716 | Gauntlet | Found a transporter.
 43727 | Gauntlet | Found a transporter.
 43738 | Gauntlet | Found a transporter.
 43743 | Gauntlet | Found a transporter.
 43743 | Gauntlet | Found a transporter.
 43767 | Gauntlet | Found a transporter.
 43767 | Gauntlet | Found a transporter.
 43823 | Gauntlet | Found a transporter.
 43836 | Gauntlet | Found a transporter.
 43915 | Gauntlet | Paralysed by a hornet for 3 turns
 44123 | Gauntlet | Offered knowledge of Conjure Ball Lightning by Vehumet.
 44137 | Gauntlet | Identified the +2 helmet "Vaerubb" {Int+2}
 44183 | Gauntlet | Identified the amulet of the Traitor {Acrobat +Blink rN+
                  | Stlth+}
 44597 | D:15     | Found a sacrificial altar of Ru.
 45009 | D:15     | Found a staircase to the Depths.
 45408 | Swamp:1  | Entered Level 1 of the Swamp
 45631 | Snake:1  | Entered Level 1 of the Snake Pit
 45683 | Snake:1  | Reached skill level 10 in Transmutations
 45697 | Snake:1  | Reached XP level 15. HP: 38/71 MP: 5/29
 45854 | Snake:1  | Reached skill level 10 in Spellcasting
 46023 | Snake:1  | Found a flickering gateway to a bazaar.
 46030 | Snake:1  | Noticed Donald
 46374 | Snake:1  | Killed Donald
 46602 | Snake:1  | Noticed Aizul
 46615 | Lair:2   | HP: 2/72 [Aizul (16)]
 46858 | Lair:2   | Killed Aizul
 46859 | Lair:2   | Reached skill level 16 in Dodging
 46975 | Snake:1  | Reached skill level 10 in Poison Magic
 46991 | Bazaar   | Entered a bazaar
 47120 | Bazaar   | Found Saomyenk's General Store.
 47142 | Bazaar   | Found Carast Itoj's Antique Weapon Emporium.
 47163 | Bazaar   | Found Harphus's Armour Boutique.
 47183 | Bazaar   | Found Yteewaetz's Jewellery Shoppe.
 47210 | Bazaar   | Bought a ring of fire for 250 gold pieces
 47226 | Bazaar   | Bought 2 potions of curing for 48 gold pieces
 47226 | Bazaar   | Bought a potion of heal wounds for 40 gold pieces
 49579 | Snake:2  | Offered knowledge of Irradiate by Vehumet.
 50553 | Snake:2  | Learned a level 5 spell: Irradiate
 51733 | Snake:2  | Reached skill level 10 in Conjurations
 51759 | Snake:2  | Reached skill level 10 in Fire Magic
 53263 | Snake:3  | Reached XP level 16. HP: 66/78 MP: 14/31
 53281 | Snake:3  | Noticed Azrael
 53454 | Snake:3  | Killed Azrael
 54586 | Snake:3  | Noticed Vashnia
 55330 | Snake:3  | Reached skill level 5 in Unarmed Combat
 57057 | Lair:2   | Offered knowledge of Plasma Beam by Vehumet.
 61045 | Swamp:4  | Entered Level 4 of the Swamp
 61797 | Swamp:3  | Reached XP level 17. HP: 62/83 MP: 4/32
 62493 | Swamp:4  | Noticed Bai Suzhen
 62742 | Swamp:4  | Noticed a tentacled monstrosity
 63115 | Swamp:4  | Killed a tentacled monstrosity
 63512 | Swamp:4  | Gained mutation: You are frail. (-10% HP) [a neqoxec]
 64069 | Swamp:4  | Killed Bai Suzhen
 64382 | Swamp:4  | Reached skill level 10 in Stealth
 64382 | Swamp:4  | Reached skill level 10 in Unarmed Combat
 65264 | Swamp:4  | Offered knowledge of Maxwell's Capacitive Coupling by
                  | Vehumet.
 65270 | Swamp:4  | Demolished by a fenstrider witch
 65271 | Swamp:4  | Reached XP level 16. HP: -16/71 MP: 11/31
 65662 | Swamp:4  | Got a decaying rune of Zot
 66069 | Snake:3  | Killed Vashnia
 66443 | Snake:4  | Entered Level 4 of the Snake Pit
 66452 | Snake:4  | Found a shimmering blue altar of Sif Muna.
 67764 | Snake:4  | Noticed Agnes
 67797 | Snake:4  | Killed Agnes
 68568 | Snake:4  | Reached XP level 17. HP: 65/74 MP: 14/32
 69401 | Snake:4  | Killed from afar by a salamander tyrant
 69402 | Snake:4  | Reached XP level 16. HP: 0/71 MP: 11/31
 71968 | Snake:4  | Got a serpentine rune of Zot
 72264 | Vaults:1 | Entered Level 1 of the Vaults
 73840 | Vaults:1 | Noticed a tengu reaver
 73845 | Vaults:1 | Killed a tengu reaver
 74330 | Vaults:1 | HP: 1/71 [stone giant/large rock (57)]
 74338 | Vaults:1 | Hit by a large rock thrown by a stone giant

Illustrated notes

Levels and vault maps discovered:
D:1:      saegor_arrival_simple_c, layout_loops_ring, minmay_pentomino_o2
D:2:      layout_loops_cross, serial_shops, nicolae_shop_crystal,
          nicolae_ecumenical_snake_handling, minmay_3d_cube
D:3:      minmay_door_path, layout_basic
D:4:      layout_loops_corners
D:5:      layout_basic, trog_book, gammafunk_ghost_hive
D:6:      layout_basic, minmay_misc_feat_chi
D:7:      layout_basic, mainiacjoe_overflow_tiny_flanked,
          mainiacjoe_overflow_divided_tiny, minmay_temple_entry_offerings,
          gammafunk_ghost_split
D:8:      layout_basic
D:9:      lemuel_ice_statue, layout_loops_ring,
          riverfiend_overflow_shadow_ancestor, enter_bailey_5,
          gammafunk_ghost_hydra_chop, nicolae_transporter_intersection,
          uniq_erica
D:10:     layout_irregular_city, dreamdust_divine_triumvirate,
          mainiacjoe_overflow_catwalk, david_lair_generic, orc_0_dummy
D:11:     layout_gridville, serial_shops, shop, hangedman_weighted_door,
          fedhas_bush_and_centaur_altar
D:12:     layout_layer_cave, hangedman_abyss_or_decor_lesser_grid
D:13:     layout_long_grid, serial_shops, kennysheep_mini,
          nicolae_gozag_cash_rules_everything_around_me, uniq_maurice
D:14:     layout_cave_pools, david_vaults_2, chequers_big_river, special_room
          [special_room_mythical_zoo], minmay_evil_grid, uniq_snorg
D:15:     hangedman_depths_entry_civil_slaughter, layout_loops_cross,
          gauntlet_entry_generic, nrook_mini_vaults,
          nicolae_ru_sacrificial_ziggurat
Temple:   hellmonk_temple_forest_ring
Lair:1:   layout_cave_shapes, basic_altar
Lair:2:   layout_concentric_octagons, nicolae_swamp_entry_splash_gauntlet,
          guppyfry_snake_entry_island, st_stairs_3, uniq_amaemon, uniq_sonja
Lair:3:   layout_roguey, infiniplex_staircase_pool, grunt_megastairs_4,
          lemuel_fruit_fields
Lair:4:   layout_regular_city, slime_entry_1, serial_forest,
          infiniplex_forest_clump_cross, infiniplex_forest_end_3,
          infiniplex_forest_lined_corner, infiniplex_forest_lined_room_2,
          infiniplex_forest_straight_2, infiniplex_forest_lined_3
Lair:5:   evilmike_catoblepas_cave, layout_cave_pods, grunt_megastairs_3,
          lemuel_fruit_fields
Swamp:1:  layout_falls_marsh, evilmike_swamp_ruin_rubble_2
Swamp:2:  layout_falls_marsh, nicolae_swamp_little_tower
Swamp:3:  layout_basic_swamp, evilmike_swamp_ruin_house_4, swamp_pool4
Swamp:4:  nzn_swamp_witches_coven, layout_basic_swamp, swamp_pool2,
          uniq_bai_suzhen
Snake:1:  layout_chambers, serial_shops, freezing_bzr, nicolae_snake_lava_pool,
          serial_bayou_shore_b, uniq_aizul, uniq_donald
Snake:2:  layout_cave_town, st_stairs_8
Snake:3:  layout_cave_town, st_stairs_3, grunt_megastairs_1, uniq_vashnia,
          uniq_azrael
Snake:4:  grunt_snake_rune_spirals, layout_onion_interference, basic_altar,
          lemuel_fruit_tree, uniq_agnes
Orc:1:    layout_caves, serial_shops, nicolae_shop_trees, nicolae_orc_rich_vein,
          uniq_nergalle
Orc:2:    hellmonk_orc_salted, layout_caves, mines2_david
Vaults:1: hangedman_vaults_cutoff, vaults_dpeg_cross,
          nicolae_vaults_branching_niches, nicolae_vaults_little_squares_5,
          v_rooms_3, v_alt_pattern_6, v_misc_18, vaults_standard_mumra_x,
          grunt_vaults_hallway_short, nicolae_vaults_gold_heap,
          hangedman_vaults_stitches, vaults_room_semicircle,
          layout_vaults_omnicross

Skill      XL: |  1  2  3  4  5  6  7  8  9 10 11 12 13 14 15 16 17 |
---------------+----------------------------------------------------+-----
Stealth        | 3 5 6 7 8 12 10 | 12.0
Poison Magic   | 3 4 5 8 9 10 | 10.0
Air Magic      | 1 2 3 4 |  4.0
Transmutations | 2 10 9 | 10.0
Dodging        | 3 4 5 6 9 12 14 16 | 16.0
Fighting       | 1 2 3 4 6 8 10 11 13 14 | 14.0
Conjurations   | 1 3 4 6 8 9 10 13 12 | 13.3
Spellcasting   | 3 4 5 6 7 9 10 11 | 11.6
Evocations     | 1 2 4 5 6 8 |  8.0
Fire Magic     | 1 4 6 8 9 10 13 12 | 13.3
Unarmed Combat | 1 2 4 3 12 10 | 12.0
Translocations | 3 4 |  4.0
Earth Magic    | 3 4 |  4.0

Action                     |  1- 3 |  4- 6 |  7- 9 | 10-12 | 13-15 | 16-18 || total
---------------------------+-------+-------+-------+-------+-------+-------++-------
  Melee: Unarmed           |     6 |    12 |    21 |    48 |    40 |    69 ||   196
         Bite              |       |     3 |     5 |     4 |    11 |    12 ||    35
         Punch             |       |       |     1 |     2 |       |     2 ||     5
   Cast: Sting             |    51 |    63 |   445 |    79 |    67 |       ||   705
         Poisonous Vapours |    37 |    97 |   176 |   100 |     5 |       ||   415
         Mephitic Cloud    |       |       |     9 |    83 |    93 |    25 ||   210
         Olgreb's Toxic Ra |       |       |    11 |   100 |   204 |    73 ||   388
         Sticky Flame      |       |       |       |    66 |    57 |    53 ||   176
         Foxfire           |       |       |       |     8 |       |       ||     8
         Blink             |       |       |       |     3 |     1 |     1 ||     5
         Ignite Poison     |       |       |       |    32 |    66 |     7 ||   105
         Fireball          |       |       |       |       |   305 |   591 ||   896
         Eringya's Noxious |       |       |       |       |     9 |    18 ||    27
         Passwall          |       |       |       |       |     1 |     1 ||     2
         Irradiate         |       |       |       |       |     1 |    34 ||    35
Ability: Evoke Blink       |       |       |       |       |     1 |     3 ||     4
  Evoke: Wand              |       |       |       |     3 |    34 |    18 ||    55
         Box of beasts     |       |       |       |     1 |     3 |       ||     4
         Lightning rod     |       |       |       |     4 |     1 |     3 ||     8
         Phial of floods   |       |       |       |       |     1 |     2 ||     3
         Phantom mirror    |       |       |       |       |     1 |     1 ||     2
    Use: Scroll            |       |       |    11 |    11 |    15 |     9 ||    46
         Potion            |       |       |       |     1 |     3 |     1 ||     5
   Stab: Sleeping          |     1 |     7 |     1 |     7 |     3 |     2 ||    21
         Confused          |       |       |     1 |     4 |     2 |     9 ||    16
 Armour: Skin              |     2 |     2 |     8 |     8 |    10 |    11 ||    41
  Dodge: Dodged            |    33 |    66 |   138 |   288 |   393 |   385 ||  1303

Table legend: (Time is in decaauts)
 A = Elapsed time spent in this place.
 B = Non-inter-level travel time spent in this place.
 C = Inter-level travel time spent in this place.
 D = Time resting spent in this place.
 E = Time spent auto-exploring this place.
 F = Levels seen in this place.
 G = Mean time per level.
                   A        B        C        D        E       F      G
               +--------+--------+--------+--------+--------+-----+--------+
         Total |  68238 |  64023 |   4215 |    804 |  49748 |  35 | 1949.7 |
       Dungeon |  28729 |  26672 |   2057 |    541 |  19163 |  15 | 1915.3 |
        Temple |    118 |    110 |      8 |      0 |    101 |   1 |  118.0 |
          Lair |   9425 |   8876 |    549 |    114 |   7302 |   5 | 1885.0 |
         Swamp |   7697 |   7186 |    511 |      0 |   6064 |   4 | 1924.2 |
     Snake Pit |  15181 |  14390 |    791 |    111 |  11911 |   4 | 3795.2 |
  Orcish Mines |   3649 |   3435 |    214 |     38 |   2615 |   2 | 1824.5 |
        Vaults |   1659 |   1576 |     83 |      0 |   1267 |   1 | 1659.0 |
        Bazaar |    225 |    225 |      0 |      0 |    193 |   1 |  225.0 |
        Bailey |    988 |    988 |      0 |      0 |    714 |   1 |  988.0 |
      Gauntlet |    564 |    564 |      0 |      0 |    413 |   1 |  564.0 |
               +--------+--------+--------+--------+--------+-----+--------+

Top non-repeatable levels by time:
 Snake:4: 4720 daAuts
     D:7: 3915 daAuts
 Snake:1: 3898 daAuts
 Snake:3: 3600 daAuts
  Lair:2: 3553 daAuts
 Swamp:3: 3344 daAuts
 Snake:2: 2962 daAuts
     D:6: 2817 daAuts
    D:10: 2690 daAuts
    D:14: 2566 daAuts
  Lair:5: 2330 daAuts
    D:11: 2171 daAuts
     D:2: 2129 daAuts
     D:4: 1964 daAuts
 Swamp:4: 1951 daAuts
